 Dungeon Crawl Stone Soup version 0.27.1-33-g824d729ab1 (webtiles) character file.

Game seed: 10736022359356756791

179 Atelerd the Digger (level 5, 0/31 HPs)
             Began as an Octopode Earth Elementalist on Dec 30, 2021.
             Slain by Ijyb (7 damage)
             ... on level 4 of the Dungeon.
             The game lasted 00:02:28 (4384 turns).

Atelerd the Digger (Octopode Earth Elementalist)    Turns: 4384, Time: 00:02:29

Health: 0/31       AC:  1    Str:  7    XL:     5   Next: 59%
Magic:  3/10       EV: 13    Int: 19    God:
Gold:   10         SH:  0    Dex: 12    Spells: 10/11 levels left

rFire    . . .     SeeInvis .   f - +0 dagger
rCold    . . .     Faith    .   (no shield)
rNeg     . . .     Spirit   .   (helmet restricted)
rPois    .         Reflect  .   (no amulet)
rElec    .         Harm     .   (no ring)
rCorr    .         Rampage  .   (no ring)
Will     .....                  (no ring)
Stlth    +++.......             (no ring)
HPRegen  0.10/turn              (no ring)
MPRegen  0.12/turn              (no ring)
                                (no ring)
                                (no ring)

@: no status effects
A: almost no armour, amphibious, 8 rings, camouflage 1, gelatinous body 1,
(nimble swimmer 1), tentacles
a: no special abilities


You were on level 4 of the Dungeon.
You visited 1 branch of the dungeon, and saw 4 of its levels.

You collected 206 gold pieces.
You spent 196 gold pieces at shops.

Inventory:

Hand Weapons
 f - a +0 dagger (weapon)
Missiles
 b - 86 stones
Jewellery
 k - an amulet of guardian spirit
 m - an amulet of reflection
Scrolls
 a - 3 scrolls of identify {unknown}
 d - 2 scrolls of teleportation {unknown}
 g - 2 scrolls of amnesia {unknown}
 i - a scroll of immolation {unknown}
 j - 2 scrolls of enchant weapon {unknown}
 l - a scroll of fog {unknown}
 n - a scroll of blinking {unknown}
Potions
 c - a potion of heal wounds {unknown}
 e - 3 potions of curing
 h - a potion of cancellation {unknown}
 o - a potion of lignification
 p - a potion of ambrosia


   Skills:
 - Level 2.0 Dodging
 - Level 2.6 Stealth
 + Level 3.5 Spellcasting
 - Level 3.0 Transmutations
 + Level 4.2 Earth Magic


You had 10 spell levels left.
You knew the following spells:

 Your Spells              Type           Power      Damage    Failure   Level
a - Sandblast             Erth           38%        2d10      2%          1

Your spell library contained the following spells:

 Spells                   Type           Power      Damage    Failure   Level
 Passwall                 Tmut/Erth      14%        N/A       4%          2
 Stone Arrow              Conj/Erth      22%        3d8       19%         3
 Petrify                  Tmut/Erth      17%        N/A       32%         4


Dungeon Overview and Level Annotations

Branches:
Dungeon (4/15)
 Temple: D:4-7

Altars:

Shops:
D:4 !

Annotations:
D:2 1 runed translucent door, Crazy Yiuf
D:4 Ijyb


Innate Abilities, Weirdness & Mutations

You cannot wear most types of armour.
You are amphibious.
You can wear up to eight rings at the same time.
Your skin changes colour to match your surroundings (Stealth+).
Your rubbery body absorbs attacks. (AC +1, EV +1)
((You are camouflaged near water. (Stealth+)))
You have tentacles for arms and can constrict up to eight enemies at once.


Message History

Ijyb is lightly wounded.
You constrict Ijyb, but do no damage. Ijyb hits you with a +0 club.
The blast of sand hits Ijyb!
Ijyb is heavily wounded.
You constrict Ijyb, but do no damage.
Ijyb zaps a wand.
You resist with some effort.
You hit Ijyb but do no damage.
Ijyb is heavily wounded.
You constrict Ijyb.
Ijyb zaps a wand.
You suddenly lose the ability to move!
You lose your grip on Ijyb.
Ijyb zaps a wand.
You resist with some effort. Ijyb hits you with a +0 club!
You can move again.
Casting: Sandblast (safe; 2% risk of failure)
Confirm with . or Enter, or press ? or * to list all spells.
Aiming: Sandblast (safe; 2% risk of failure)
Press: ? - help, Shift-Dir - straight line, f/p - Ijyb
Aim: Ijyb, wielding a +0 club, wearing a +0 ring mail and carrying a wand of paralysis (4) (severely wounded, 77% to hit)
The blast of sand hits Ijyb.
Ijyb is severely wounded.
Ijyb hits you with a +0 club.
* * * LOW HITPOINT WARNING * * *
Casting: Sandblast (safe; 2% risk of failure)
Confirm with . or Enter, or press ? or * to list all spells.
Aiming: Sandblast (safe; 2% risk of failure)
Press: ? - help, Shift-Dir - straight line, f/p - Ijyb
Aim: Ijyb, wielding a +0 club, wearing a +0 ring mail and carrying a wand of paralysis (4) (severely wounded, 77% to hit)
The blast of sand hits Ijyb.
Ijyb is almost dead.
Ijyb barely misses you.
Unknown command.
Casting: Sandblast (safe; 2% risk of failure)
Confirm with . or Enter, or press ? or * to list all spells.
Aiming: Sandblast (safe; 2% risk of failure)
Press: ? - help, Shift-Dir - straight line, f/p - Ijyb
Aim: Ijyb, wielding a +0 club, wearing a +0 ring mail and carrying a wand of paralysis (4) (almost dead, 77% to hit)
The blast of sand hits Ijyb but does no damage.
Ijyb is almost dead.
Ijyb hits you with a +0 club!
You die...

#.##### ####.....#
.....###.#
########.#
.........###
...>.......#
...........# #######
...).......# #...g.#
...........# #..@..#
...........# #.....#
...........# #.....#
.###....######..<..#
## #.##............#
####.#.............#
...................#
####.#.###'###.....#
.........#'###.....#


You could see Ijyb.

Vanquished Creatures
  A jelly (D:4)
  An iguana (D:4)
  6 adders
  A worm (D:2)
  4 dart slugs
  7 ball pythons
  6 endoplasms
  A giant cockroach (D:1)
  8 goblins
  5 hobgoblins
  3 quokkas
  4 bats (D:2)
  A frilled lizard (D:2)
  6 kobolds
  9 rats
63 creatures vanquished.

Notes
Turn   | Place    | Note
-------+----------+-------------------------------------------
     0 | D:1      | Atelerd the Octopode Earth Elementalist began the quest for
                  | the Orb.
     0 | D:1      | Reached XP level 1. HP: 11/11 MP: 3/3
   270 | D:1      | Reached XP level 2. HP: 14/17 MP: 0/5
   551 | D:1      | Found a faded altar of an unknown god.
  1382 | D:2      | Reached XP level 3. HP: 11/21 MP: 2/6
  2384 | D:2      | Reached XP level 4. HP: 23/27 MP: 3/8
  2614 | D:2      | Found a runed translucent door.
  2615 | D:2      | Noticed Crazy Yiuf
  3864 | D:4      | Reached XP level 5. HP: 24/31 MP: 9/9
  4053 | D:4      | Reached skill level 4 in Earth Magic
  4065 | D:4      | Found Weirocoxti's Distillery.
  4285 | D:4      | Bought a potion of curing for 42 gold pieces
  4285 | D:4      | Bought a potion of lignification for 42 gold pieces
  4285 | D:4      | Bought a potion of ambrosia for 112 gold pieces
  4366 | D:4      | Noticed Ijyb
  4379 | D:4      | Paralysed by Ijyb for 3 turns
  4384 | D:4      | Slain by Ijyb

Illustrated notes

Levels and vault maps discovered:
D:1:      mrwooster_arrival_statue, layout_basic,
          dreamdust_ecumenical_altar_statues, minivault_25
D:2:      layout_basic, uniq_crazy_yiuf_cottage
D:3:      layout_basic, minivault_4
D:4:      layout_basic, biasface_ghost_orc_armoury, kennysheep_windowed_goal,
          uniq_ijyb

Skill      XL: |  1  2  3  4  5 |
---------------+----------------+-----
Transmutations | 2 3 |  3.0
Spellcasting   | 3 |  3.5
Earth Magic    | 4 |  4.2
Dodging        | |  2.0
Stealth        | |  2.6

Action                   |  1- 3 |  4- 6 || total
-------------------------+-------+-------++-------
Melee: Constrict         |    16 |    18 ||    34
       Dagger            |    53 |    66 ||   119
       Unarmed           |     1 |       ||     1
       Tentacles         |     7 |    15 ||    22
 Cast: Sandblast         |    24 |    17 ||    41
 Stab: Sleeping          |     3 |    10 ||    13
Armor: Skin              |     2 |     3 ||     5
Dodge: Dodged            |    47 |    46 ||    93
